3AAA
KEY WEST CORAL REEFERS @ HOUSTON BC
06/26/2034
 
TOP OF THE 1ST
Key West Coral Reefers batting - Pitching for Houston BC : RHP Dru Krebs
Pitching: RHP Dru Krebs
Batting: RHB Miguel Montoya 0-0: Ball
1-0: SINGLE (Groundball, 56D)
Batting: RHB Ed Lastinger 0-0: Ball
1-0: Foul Ball, location: 2F
1-1: Foul Ball, location: 2F
1-2: Grounds into double play, 6-4-3 (Groundball, 6)
Batting: SHB Juan Carlos Santos 0-0: Ball
1-0: Ball
2-0: Called Strike
2-1: Foul Ball, location: 2F
2-2: Fly out, F7 (Flyball, 78D)
Top of the 1st over - 0 runs, 1 hit, 0 errors, 0 left on base; Key West 0 - Houston 0
BOTTOM OF THE 1ST
Houston BC batting - Pitching for Key West Coral Reefers : RHP Javier Contreras
Pitching: RHP Javier Contreras
Batting: RHB Jud Regan 0-0: Ball
1-0: Ball
2-0: Ball
3-0: Base on Balls
Batting: RHB Robby Arnold 0-0: Ball
1-0: Fly out, F5 (Line Drive, 5)
Batting: LHB Rich Watkins 0-0: Called Strike
0-1: Ball
1-1: Ball
2-1: Fly out, F9 (Line Drive, 9)
Batting: RHB Angeddy Almanzar 0-0: Foul Ball, location: 2F
0-1: Ball
1-1: Ball
2-1: SINGLE (Flyball, 7LS)
Jud Regan to second
Batting: RHB António López 0-0: Called Strike
0-1: SINGLE (Line Drive, 89S)
Jud Regan to third
Angeddy Almanzar to second
Batting: RHB Alba Hidalgo de Jesus 0-0: Called Strike
0-1: Ball
1-1: Fly out, F8 (Flyball, 8RD)
Bottom of the 1st over - 0 runs, 2 hits, 0 errors, 3 left on base; Key West 0 - Houston 0
TOP OF THE 2ND
Key West Coral Reefers batting - Pitching for Houston BC : RHP Dru Krebs
Batting: RHB Arturo Scantlebury 0-0: Called Strike
0-1: Fly out, F9 (Flyball, 9LSF)
Batting: SHB Dave Atkins 0-0: Called Strike
0-1: Ground out 4-3 (Groundball, 4)
Batting: RHB Ken Moore 0-0: Called Strike
0-1: Foul Ball, location: 2F
0-2: Ball
1-2: Ball
2-2: Foul Ball, location: 2F
2-2: Fly out, F7 (Flyball, 7D)
Top of the 2nd over - 0 runs, 0 hits, 0 errors, 0 left on base; Key West 0 - Houston 0
BOTTOM OF THE 2ND
Houston BC batting - Pitching for Key West Coral Reefers : RHP Javier Contreras
Batting: RHB Alfredo Mojica 0-0: Ball
1-0: Ball
2-0: Called Strike
2-1: Foul Ball, location: 2F
2-2: Ground out 6-3 (Groundball, 6)
Batting: RHB Orlando Montejo 0-0: Called Strike
0-1: Ball
1-1: Swinging Strike
1-2: Ground out 6-3 (Groundball, 6)
Batting: RHB Tyler Utterback 0-0: Ball
1-0: Ball
2-0: Ball
3-0: Foul Ball, location: 2F
3-1: Base on Balls
Batting: RHB Jud Regan 0-0: Called Strike
0-1: Ball
1-1: Called Strike
1-2: Ball
2-2: Ball
3-2: SINGLE (Groundball, 3D)
Tyler Utterback to second
Tyler Utterback to third
Batting: RHB Robby Arnold 0-0: Ball
1-0: Fly out, F4 (Popup, 4M)
Bottom of the 2nd over - 0 runs, 1 hit, 0 errors, 2 left on base; Key West 0 - Houston 0
TOP OF THE 3RD
Key West Coral Reefers batting - Pitching for Houston BC : RHP Dru Krebs
Batting: RHB Craig Tricket 0-0: Ball
1-0: Called Strike
1-1: Ball
2-1: Foul Ball, location: 2F
2-2: Ball
3-2: Foul Ball, location: 2F
3-2: Strikes out swinging
Batting: RHB Juan Martínez 0-0: Ball
1-0: Ground out 6-3 (Groundball, 6)
Batting: RHB Jarred Cobb 0-0: Called Strike
0-1: Ground out 6-3 (Groundball, 6)
Top of the 3rd over - 0 runs, 0 hits, 0 errors, 0 left on base; Key West 0 - Houston 0
BOTTOM OF THE 3RD
Houston BC batting - Pitching for Key West Coral Reefers : RHP Javier Contreras
Batting: LHB Rich Watkins 0-0: Ball
1-0: Ground out 6-3 (Groundball, 6)
Batting: RHB Angeddy Almanzar 0-0: Called Strike
0-1: Called Strike
0-2: Fly out, F5 (Popup, 56)
Batting: RHB António López 0-0: Swinging Strike
0-1: Ball
1-1: Called Strike
1-2: Fly out, F7 (Flyball, 7D)
Bottom of the 3rd over - 0 runs, 0 hits, 0 errors, 0 left on base; Key West 0 - Houston 0
TOP OF THE 4TH
Key West Coral Reefers batting - Pitching for Houston BC : RHP Dru Krebs
Batting: RHB Miguel Montoya 0-0: Called Strike
0-1: Ball
1-1: Swinging Strike
1-2: Strikes out swinging
Batting: RHB Ed Lastinger 0-0: Fly out, F8 (Flyball, 8RD)
Batting: SHB Juan Carlos Santos 0-0: Called Strike
0-1: Ball
1-1: Fly out, F7 (Flyball, 7)
Top of the 4th over - 0 runs, 0 hits, 0 errors, 0 left on base; Key West 0 - Houston 0
BOTTOM OF THE 4TH
Houston BC batting - Pitching for Key West Coral Reefers : RHP Javier Contreras
Batting: RHB Alba Hidalgo de Jesus 0-0: Called Strike
0-1: Foul Ball, location: 2F
0-2: Ball
1-2: Ball
2-2: SINGLE (Line Drive, 6MD)
Batting: RHB Alfredo Mojica 0-0: Ball
1-0: Ball
2-0: Foul Ball, location: 2F
2-1: Ball
3-1: Called Strike
3-2: Strikes out looking
Batting: RHB Orlando Montejo 0-0: Fly out, F9 (Line Drive, 89M)
Batting: RHB Tyler Utterback 0-0: Swinging Strike
0-1: Ball
1-1: Ball
2-1: SINGLE (Groundball, 34) (infield hit)
Alba Hidalgo de Jesus to second
Batting: RHB Jud Regan 0-0: Ball
1-0: Called Strike
1-1: Ball
2-1: Swinging Strike
2-2: Strikes out swinging, 2-3 out at first.
Bottom of the 4th over - 0 runs, 2 hits, 0 errors, 2 left on base; Key West 0 - Houston 0
TOP OF THE 5TH
Key West Coral Reefers batting - Pitching for Houston BC : RHP Dru Krebs
Batting: RHB Arturo Scantlebury 0-0: Ball
1-0: Ground out 4-3 (Groundball, 4)
Batting: SHB Dave Atkins 0-0: Ball
1-0: Ball
2-0: Ball
3-0: Called Strike
3-1: Swinging Strike
3-2: Strikes out swinging
Batting: RHB Ken Moore 0-0: SINGLE (Line Drive, 9S)
Batting: RHB Craig Tricket 0-0: Called Strike
0-1: Ball
1-1: Ball
2-1: Fly out, F9 (Flyball, 89D)
Top of the 5th over - 0 runs, 1 hit, 0 errors, 1 left on base; Key West 0 - Houston 0
BOTTOM OF THE 5TH
Houston BC batting - Pitching for Key West Coral Reefers : RHP Javier Contreras
Batting: RHB Robby Arnold 0-0: Ball
1-0: SINGLE (Line Drive, 8LS)
Batting: LHB Rich Watkins 0-0: Ball
1-0: Ball
2-0: Ball
3-0: Called Strike
3-1: Swinging Strike
3-2: Fly out, F9 (Flyball, 89D)
Batting: RHB Angeddy Almanzar 0-0: Ball
1-0: Ball
2-0: Ball
3-0: Base on Balls
Robby Arnold to second
Batting: RHB António López 0-0: Called Strike
0-1: Foul Ball, location: 2F
0-2: SINGLE (Groundball, 4MD)
Robby Arnold to third
Angeddy Almanzar to second
Runner from 3rd tries for Home, throw and OUT!
Batting: RHB Alba Hidalgo de Jesus 0-0: Ball
1-0: Called Strike
1-1: Ball
2-1: SINGLE (Groundball, 6D)
Angeddy Almanzar to third
António López to second
Runner from 3rd tries for Home, SAFE, throw made home
Batting: RHB Alfredo Mojica 0-0: Called Strike
0-1: Fielders Choice at 2nd, 5-4 (Groundball, 5)
Bottom of the 5th over - 1 run, 3 hits, 0 errors, 2 left on base; Key West 0 - Houston 1
TOP OF THE 6TH
Key West Coral Reefers batting - Pitching for Houston BC : RHP Dru Krebs
Batting: RHB Juan Martínez 0-0: Called Strike
0-1: Swinging Strike
0-2: Ball
1-2: Foul Ball, location: 2F
1-2: Foul Ball, location: 2F
1-2: Ball
2-2: SINGLE (Line Drive, 4MD)
Batting: RHB Jarred Cobb 0-0: Called Strike
0-1: Foul Ball, location: 2F
0-2: Ground out U3 (Groundball, 34)
Juan Martínez to second
Batting: RHB Miguel Montoya 0-0: Ball
1-0: Ball
2-0: Called Strike
2-1: 2-RUN HOME RUN (Flyball, 78XD), Distance : 441 ft
Batting: RHB Ed Lastinger 0-0: Foul Ball, location: 2F
0-1: Foul Ball, location: 2F
0-2: Foul Ball, location: 2F
0-2: Ball
1-2: Foul Ball, location: 2F
1-2: Strikes out looking
Batting: SHB Juan Carlos Santos 0-0: Ball
1-0: Called Strike
1-1: Ball
2-1: Ball
3-1: Base on Balls
Batting: RHB Arturo Scantlebury 0-0: Ball
1-0: Foul Ball, location: 2F
1-1: Ball
2-1: Ball
3-1: Foul Ball, location: 2F
3-2: Strikes out swinging
Top of the 6th over - 2 runs, 2 hits, 0 errors, 1 left on base; Key West 2 - Houston 1
BOTTOM OF THE 6TH
Houston BC batting - Pitching for Key West Coral Reefers : RHP Javier Contreras
Batting: RHB Orlando Montejo 0-0: Swinging Strike
0-1: Ground out 5-3 (Groundball, 56)
Batting: RHB Tyler Utterback 0-0: Called Strike
0-1: Foul Ball, location: 2F
0-2: Strikes out looking
Batting: RHB Jud Regan 0-0: Ball
1-0: Foul Ball, location: 2F
1-1: Ground out 5-3 (Groundball, 56S)
Bottom of the 6th over - 0 runs, 0 hits, 0 errors, 0 left on base; Key West 2 - Houston 1
TOP OF THE 7TH
Key West Coral Reefers batting - Pitching for Houston BC : RHP Dru Krebs
Batting: SHB Dave Atkins 0-0: Foul Ball, location: 2F
0-1: Ball
1-1: Fly out, F7 (Flyball, 7LM)
Batting: RHB Ken Moore 0-0: Ball
1-0: Called Strike
1-1: Ball
2-1: Ball
3-1: Base on Balls
Batting: RHB Craig Tricket 0-0: Called Strike
0-1: Foul Ball, location: 2F
0-2: Foul Ball, location: 2F
0-2: Foul Ball, location: 2F
0-2: Foul Ball, location: 2F
0-2: Ball
1-2: Fly out, F7 (Flyball, 7)
Batting: RHB Juan Martínez 0-0: Ball
1-0: Ball
Ken Moore is caught stealing 2nd base
Top of the 7th over - 0 runs, 0 hits, 0 errors, 0 left on base; Key West 2 - Houston 1
BOTTOM OF THE 7TH
Houston BC batting - Pitching for Key West Coral Reefers : RHP Javier Contreras
Pitching: LHP Awad Mahmudnizhad
Batting: RHB Robby Arnold 0-0: Called Strike
0-1: Swinging Strike
0-2: Ball
1-2: Ball
2-2: Foul Ball, location: 2F
2-2: Foul Ball, location: 2F
2-2: Ball
3-2: Ground out 1-3 (Groundball, 15)
Batting: LHB Rich Watkins 0-0: Ball
1-0: SINGLE (Groundball, 4D)
Batting: RHB Angeddy Almanzar 0-0: Ball
1-0: Called Strike
1-1: Ball
2-1: SINGLE (Line Drive, 7LS)
Rich Watkins to second
Batting: RHB António López 0-0: Ball
1-0: Foul Ball, location: 2F
1-1: Ball
2-1: Ball
3-1: Base on Balls
Rich Watkins to third
Angeddy Almanzar to second
Batting: RHB Alba Hidalgo de Jesus 0-0: Ball
1-0: Ball
2-0: Grounds into fielders choice 5-2 (Groundball, 5S)
Angeddy Almanzar to third
António López to second
Batting: RHB Alfredo Mojica 0-0: Called Strike
0-1: Foul Ball, location: 2F
0-2: Ball
1-2: Ball
2-2: Reached via error on a dropped throw, E1
Angeddy Almanzar scores
António López to third
Alba Hidalgo de Jesus to second
Batting: RHB Orlando Montejo 0-0: Foul Ball, location: 2F
0-1: Ball
1-1: Ball
2-1: Ball
3-1: Base on Balls
António López scores
Alba Hidalgo de Jesus to third
Alfredo Mojica to second
Batting: RHB Tyler Utterback 0-0: Ball
1-0: Fielders Choice at 2nd, 6-4 (Groundball, 56)
Bottom of the 7th over - 2 runs, 2 hits, 1 error, 3 left on base; Key West 2 - Houston 3
TOP OF THE 8TH
Key West Coral Reefers batting - Pitching for Houston BC : RHP Dru Krebs
Batting: RHB Juan Martínez 0-0: Foul Ball, location: 2F
0-1: Ball
1-1: Ball
2-1: Ground out 4-3 (Groundball, 4)
Batting: RHB Jarred Cobb 0-0: Ball
1-0: Ground out 6-3 (Groundball, 6)
Batting: RHB Miguel Montoya 0-0: Ground out 6-3 (Groundball, 56)
Top of the 8th over - 0 runs, 0 hits, 0 errors, 0 left on base; Key West 2 - Houston 3
BOTTOM OF THE 8TH
Houston BC batting - Pitching for Key West Coral Reefers : LHP Awad Mahmudnizhad
Batting: RHB Jud Regan 0-0: Ball
1-0: Ball
2-0: Foul Ball, location: 2F
2-1: Fly out, F7 (Flyball, 7LS)
Batting: RHB Robby Arnold 0-0: Ball
1-0: Called Strike
1-1: Swinging Strike
1-2: Fly out, F9 (Flyball, 9)
Batting: LHB Rich Watkins 0-0: Called Strike
0-1: Foul Ball, location: 2F
0-2: DOUBLE (Line Drive, 9LM)
Batting: RHB Angeddy Almanzar 0-0: Ground out 6-3 (Groundball, 6M)
Bottom of the 8th over - 0 runs, 1 hit, 0 errors, 1 left on base; Key West 2 - Houston 3
TOP OF THE 9TH
Key West Coral Reefers batting - Pitching for Houston BC : RHP Dru Krebs
Pitching: RHP Ken Peterson
Now at C: José Perea
Now in RF: Earl Wiley
Batting: RHB Ed Lastinger 0-0: Called Strike
0-1: SINGLE (Groundball, 6MD)
Batting: SHB Juan Carlos Santos 0-0: Ball
1-0: SINGLE (Line Drive, 6MD)
Ed Lastinger to second
Batting: RHB Arturo Scantlebury 0-0: Fly out, F8 (Flyball, 8LM)
Runner from 2nd tags up, SAFE at 3rd with throw
Batting: SHB Dave Atkins 0-0: Ball
1-0: Foul Ball, location: 2F
1-1: Ball
2-1: Fly out, F8 (Flyball, 8RXD)
Runner from 3rd tags up, SCORES, no throw
Batting: RHB Ken Moore 0-0: Ball
1-0: Ball
2-0: Called Strike
2-1: Swinging Strike
2-2: Ground out 4-3 (Groundball, 4M)
Top of the 9th over - 1 run, 2 hits, 0 errors, 1 left on base; Key West 3 - Houston 3
BOTTOM OF THE 9TH
Houston BC batting - Pitching for Key West Coral Reefers : LHP Awad Mahmudnizhad
Pitching: RHP Dave Haynes
Pinch Hitting: RHB Abraham Phelps 0-0: Called Strike
0-1: Ground out 6-3 (Groundball, 6)
Batting: RHB Alba Hidalgo de Jesus 0-0: Ball
1-0: Called Strike
1-1: Called Strike
1-2: Foul Ball, location: 2F
1-2: DOUBLE (Line Drive, 7LS)
Batting: RHB Alfredo Mojica 0-0: Ball
1-0: Fly out, F8 (Flyball, 89D)
Runner from 2nd tags up, SAFE at 3rd, no throw
Batting: RHB Orlando Montejo 0-0: Ball
1-0: Ball
2-0: Called Strike
2-1: Ball
3-1: Base on Balls
Batting: RHB Tyler Utterback 0-0: Ball
1-0: Called Strike
1-1: Ball
2-1: Ball
3-1: Base on Balls
Orlando Montejo to second
Batting: RHB Jud Regan 0-0: Fly out, F8 (Flyball, 8LXD)
Bottom of the 9th over - 0 runs, 1 hit, 0 errors, 3 left on base; Key West 3 - Houston 3
TOP OF THE 10TH
Key West Coral Reefers batting - Pitching for Houston BC : RHP Ken Peterson
Now at C: Rafael López
Batting: RHB Craig Tricket 0-0: Ball
1-0: Foul Ball, location: 2F
1-1: Ground out 5-3 (Groundball, 5S)
Batting: RHB Juan Martínez 0-0: Ball
1-0: Ball
2-0: Ball
3-0: Called Strike
3-1: Fly out, F6 (Line Drive, 56)
Pinch Hitting: RHB Sadakuno Taketo 0-0: SINGLE (Groundball, 4MD)
Batting: RHB Miguel Montoya 0-0: Called Strike
0-1: Swinging Strike
0-2: Foul Ball, location: 2F
0-2: Ball
1-2: SINGLE (Groundball, 6D)
Sadakuno Taketo to second
Batting: RHB Ed Lastinger 0-0: Swinging Strike
0-1: Called Strike
0-2: Fielders Choice at 2nd, 6-4 (Groundball, 6)
Top of the 10th over - 0 runs, 2 hits, 0 errors, 2 left on base; Key West 3 - Houston 3
BOTTOM OF THE 10TH
Houston BC batting - Pitching for Key West Coral Reefers : RHP Dave Haynes
Pitching: RHP Jim Eisenmenger
Now at C: Shoin Takuda
Batting: RHB Robby Arnold 0-0: Called Strike
0-1: Ball
1-1: Ball
2-1: Ground out 6-3 (Groundball, 6)
Batting: LHB Rich Watkins 0-0: Ball
1-0: Ball
2-0: Foul Ball, location: 2F
2-1: Ball
3-1: Reached on error, E5 (Groundball, 56)
Batting: LHB Earl Wiley 0-0: Called Strike
0-1: Ball
1-1: Called Strike
1-2: SINGLE (Line Drive, 8RS)
Rich Watkins to second
Runner from 2nd tries for 3rd, SAFE, no throw
Batting: RHB Rafael López 0-0: Ball
1-0: SINGLE (Line Drive, 4D)
Rich Watkins scores
Friday, March 29th, 2019 - OOTP Baseball 18.8 Build 76